 Dungeon Crawl Stone Soup version 0.23.2-1-ga50397a6bc (webtiles) character file.

Game seed: 13684804187420667331

474 Mrkan the Cudgeler (level 6, -1/62 HPs)
             Began as a Troll Monk on May 18, 2019.
             Was a Priest of Okawaru.
             Slain by a scorpion (9 damage)
             ... on level 4 of the Dungeon.
             The game lasted 00:05:27 (2897 turns).

Mrkan the Cudgeler (Troll Monk)                     Turns: 2897, Time: 00:05:28

Health: -1/62      AC:  6    Str: 22    XL:     6   Next: 84%
Magic:  5/5        EV: 10    Int:  6    God:    Okawaru [***...]
Gold:   153        SH:  0    Dex: 12    Spells: 5/5 levels left

rFire    . . .     SeeInvis .   a - +0 mace
rCold    . . .     Gourm    +   (no shield)
rNeg     . . .     Faith    .   b - +0 robe
rPois    .         Spirit   .   (helmet restricted)
rElec    .         Reflect  .   (no cloak)
rCorr    .         Harm     .   (gloves unavailable)
MR       .....                  (boots unavailable)
Stlth    ++........             (no amulet)
HPRegen  0.60/turn              (no ring)
MPRegen  0.09/turn              (no ring)

@: lethally poisoned (-1 -> -2), hasted, very quick
A: large, unfitting armour, claws 3, fast metabolism 3, gourmand, regeneration
1, shaggy fur 1, tough skin 3
a: Heroism, Renounce Religion


You were on level 4 of the Dungeon.
You worshipped Okawaru.
Okawaru was most pleased with you.
You were not hungry.

You visited 1 branch of the dungeon, and saw 4 of its levels.

You collected 153 gold pieces.

Inventory:

Hand Weapons
 a - a +0 mace (weapon)
Missiles
 j - 4 large rocks (quivered)
Armour
 b - a +0 robe (worn)
Magical Staves
 w - an uncursed staff of earth {unknown}
Jewellery
 l - an uncursed amulet of the gourmand {unknown}
 o - an uncursed ring of magical power {unknown}
 t - an uncursed ring of wizardry {unknown}
Wands
 p - a wand of acid (11)
Scrolls
 d - 2 scrolls of amnesia {unknown}
 e - 4 scrolls of remove curse {unknown}
 g - a scroll of random uselessness {unknown}
 n - 3 scrolls of teleportation {unknown}
 q - a scroll of enchant weapon {unknown}
 v - a scroll of blinking {unknown}
 x - a scroll of identify {unknown}
Potions
 f - a potion of cancellation {unknown}
 h - a potion of mutation {unknown}
 i - a potion of agility {unknown}
 k - 2 potions of heal wounds {unknown}
 m - 3 potions of lignification {unknown}
 r - a potion of haste
 s - a potion of might {unknown}
 u - a potion of ambrosia {unknown}
 z - 2 potions of curing {unknown}
Comestibles
 c - 11 rations


   Skills:
 - Level 4.0 Fighting
 * Level 6.2 Maces & Flails
 - Level 2.4 Dodging
 - Level 1.0 Stealth


You had 5 spell levels left.
You didn't know any spells.
Your spell library contained the following spells:

 Spells                   Type           Power        Failure   Level  Hunger
 Shock                    Conj/Air       #...         45%         1    ##.....
 Swiftness                Chrm/Air       #.......     58%         2    ###....
 Static Discharge         Conj/Air       #.......     83%         3    ####...
 Airstrike                Air            #.........   99%         4    #####..
 Lightning Bolt           Conj/Air       #.........   100%        5    ######.


Dungeon Overview and Level Annotations

Branches:
Dungeon (4/15)
 Temple: D:4-7

Altars:
Cheibriados
Elyvilon
Hepliaklqana
Okawaru


Innate Abilities, Weirdness & Mutations

You are too large for most types of armour.
You have claws for hands.
Your metabolism is lightning-fast.
You like to eat raw meat.
Your natural rate of healing is unusually fast.
You are covered in fur. (AC +1)
You have extremely tough skin. (AC +3)


Message History

The orc priest closely misses you.
You hit the orc priest.
The orc priest is heavily wounded.
The orc priest casts a cantrip, but nothing happens.
You closely miss the orc priest.
The orc priest is heavily wounded.
The orc priest closely misses you.
It was a potion of haste.
You feel yourself speed up.
The orc priest hits you but does no damage.
The scorpion stings you!
* * * LOW HITPOINT WARNING * * *
You are poisoned.
The scorpion poisons you!
You closely miss the orc priest.
The orc priest is heavily wounded.
You feel sick.
You hit the orc priest.
The orc priest is almost dead.
The scorpion stings you!
You die...

#.##... #.###.# #.# ####
#...... ...#.#####.# #...
####...#####.#.....#.######...
........†..†..................
..##...#####.#.....#.##.......
####....#.#........#.......
#....#..........#.......
####....####.......#.....##
.o. #........o@s.......#######
... #.......####......... ....
#.......# #.......###
....###.......# ##.#.####
..........o...# #.....#
..........##.## #.....#
##.......##.# #.....####.##
#..........# #............
..........#### ####...........


You could see a scorpion and an orc priest.

Vanquished Creatures
  An ogre (D:4)
  A scorpion (D:4)
  2 orc priests (D:3)
  A bullfrog skeleton (D:3)
  Jessica (D:3)
  3 worker ants (D:4)
  4 adders
  7 dart slugs
  2 worms
  2 leopard geckos
  10 orcs
  4 giant cockroaches
  6 hobgoblins
  13 jackals
  2 quokkas (D:4)
  4 bats
  7 frilled lizards
  9 goblins
  7 kobolds
  5 rats (D:2)
  A plant (D:1)
92 creatures vanquished.

Vanquished Creatures (others)
  A ball python (D:4)
1 creature vanquished.

Grand Total: 93 creatures vanquished

Notes
Turn   | Place    | Note
-------+----------+-------------------------------------------
     0 | D:1      | Mrkan the Troll Monk began the quest for the Orb.
     0 | D:1      | Reached XP level 1. HP: 22/22 MP: 0/0
   111 | D:1      | Reached skill level 3 in Maces & Flails
   114 | D:1      | Reached XP level 2. HP: 23/29 MP: 1/1
   772 | D:1      | Reached XP level 3. HP: 36/36 MP: 2/2
   797 | D:2      | Found an iron altar of Okawaru.
   825 | D:2      | Became a worshipper of Warmaster Okawaru
   825 | D:2      | Reached * piety under Okawaru
   825 | D:2      | Reached ** piety under Okawaru
  1026 | D:2      | Found a hazy altar of Hepliaklqana.
  1421 | D:2      | Reached skill level 4 in Maces & Flails
  1454 | D:2      | Reached XP level 4. HP: 45/45 MP: 3/3
  1753 | D:3      | Reached XP level 5. HP: 23/53 MP: 4/4
  1823 | D:3      | Found a white marble altar of Elyvilon.
  2023 | D:3      | Noticed Jessica
  2034 | D:3      | Killed Jessica
  2034 | D:3      | Reached skill level 5 in Maces & Flails
  2106 | D:3      | Found a snail-covered altar of Cheibriados.
  2498 | D:4      | Reached XP level 6. HP: 58/62 MP: 5/5
  2685 | D:4      | Reached *** piety under Okawaru
  2873 | D:4      | Reached skill level 6 in Maces & Flails
  2897 | D:4      | Slain by a scorpion

Skill      XL: |  1  2  3  4  5  6 |
---------------+-------------------+-----
Maces & Flails | 3 4 5 6 |  6.2
Fighting       | 3 4 |  4.0
Dodging        | |  2.4
Stealth        | |  1.0

Action                   |  1- 3 |  4- 6 || total
-------------------------+-------+-------++-------
Melee: Mace              |   201 |   262 ||   463
  Use: Potion            |       |     1 ||     1
 Stab: Sleeping          |       |     3 ||     3
  Eat: Chunk             |    11 |    11 ||    22
       Ration            |       |     1 ||     1
Armor: Robe              |    66 |    91 ||   157
Dodge: Dodged            |    86 |   175 ||   261
